 Dungeon Crawl Stone Soup version 0.30-a0-883-g5ad918d77d (webtiles) character file.

Game seed: 1544965648908528789

2 Lobster4 the Caller (level 1, 0/14 HPs)
             Began as a Hill Orc Summoner on Mar 16, 2023.
             Frozen to death by an endoplasm (1 damage)
             ... on level 1 of the Dungeon.
             The game lasted 00:00:44 (119 turns).

Lobster4 the Caller (Hill Orc Summoner)              Turns: 119, Time: 00:00:45

Health: 0/14       AC:  2    Str: 10    XL:     1   Next: 30%
Magic:  0/3        EV: 12    Int: 15    God:
Gold:   11         SH:  0    Dex: 11    Spells: 2/3 levels left

rFire   . . .      SeeInvis .    d - +0 whip (vamp)
rCold   . . .      Faith    .    (no shield)
rNeg    . . .      Spirit   .    a - +0 robe
rPois   .          Reflect  .    (no helmet)
rElec   .          Rampage  .    (no cloak)
rCorr   .                        (no gloves)
Will    .....                    (no boots)
Stlth   ++                       (no amulet)
HPRegen 0.22/turn                (no ring)
MPRegen 0.08/turn                (no ring)

@: no status effects
A: no striking features
a: no special abilities


You were on level 1 of the Dungeon.
You visited 1 branch of the dungeon, and saw 1 of its levels.

You collected 11 gold pieces.

Inventory:

Hand Weapons
 d - a +0 vampiric whip (weapon)
Missiles
 c - 5 stones
Armour
 a - a +0 robe (worn)
Scrolls
 e - a scroll of identify {unknown}
Potions
 b - a potion of magic


   Skills:
 + Level 0.0 Fighting
 + Level 0.0 Maces & Flails
 + Level 0.0 Armour
 + Level 1.5 Dodging
 + Level 1.6 Stealth
 + Level 1.5 Spellcasting
 + Level 4.0 Summonings


You had 2 spell levels left.
You knew the following spells:

 Your Spells              Type           Power      Damage    Failure   Level
a - Summon Small Mammal   Summ           52%        N/A       4%          1

Your spell library contained the following spells:

 Spells                   Type           Power      Damage    Failure   Level
 Call Imp                 Summ           13%        N/A       7%          2
 Call Canine Familiar     Summ           13%        N/A       13%         3
 Summon Guardian Golem    Hex/Summ       7%         N/A       30%         3
 Summon Lightning Spire   Summ/Air       7%         N/A       71%         4


Dungeon Overview and Level Annotations

Branches:
Dungeon (1/15)

Altars:


Message History

Your rat closely misses the goblin.
You hit the goblin.
You feel better.
The goblin is severely wounded.
Your bat hits the goblin.
The goblin dies!
Your rat bites the endoplasm.
The endoplasm hits your rat.
Your rat dies!
Your rat's corpse disappears in a puff of smoke!
Things that are here:
a +0 club; a goblin corpse The endoplasm freezes you.
You are frozen.
Your bat hits the endoplasm. You hit the endoplasm but do no damage.
The endoplasm is moderately wounded.
Your bat completely misses the endoplasm.
Your bat barely misses the endoplasm.
Your bat hits the endoplasm. The endoplasm misses you.
Casting: Summon Small Mammal (safe; 4% risk of failure)
Confirm with . or Enter, or press ? or * to list all spells.
Your bat hits the endoplasm but does no damage.
The endoplasm freezes you.
You are frozen.
* * * LOW HITPOINT WARNING * * *
Unknown command.
You hit the endoplasm but do no damage.
The endoplasm is heavily wounded.
Your bat hits the endoplasm but does no damage.
The endoplasm hits your bat.
Your bat dies!
Your bat's corpse disappears in a puff of smoke!
The endoplasm quivers.
You hit the endoplasm but do no damage.
The endoplasm is heavily wounded.
The endoplasm freezes you.
You are frozen.
* * * LOW HITPOINT WARNING * * *
The endoplasm freezes you.
You are frozen.
You die...

# # J.... # .... # ...#
### ##+## ...# ..###...##
####.### #.##.....##
##...... #.#.......##
##rJ##.#
#..........####.@ยง#..#
...........'.....)..##
#..........####...#.###.#
#.#.......## ##........#
..##...^.## ####.#####
#####...## #.# ##+## #.#
#.# #.#


You could see an endoplasm (ally target) and a friendly rat (summoned).

Vanquished Creatures
  A kobold (D:1)
1 creature vanquished.

Vanquished Creatures (collateral kills)
  A goblin (D:1)
1 creature vanquished.

Grand Total: 2 creatures vanquished

Notes
Turn   | Place    | Note
-------+----------+-------------------------------------------
     0 | D:1      | Lobster4 the Hill Orc Summoner began the quest for the Orb.
     0 | D:1      | Reached XP level 1. HP: 14/14 MP: 3/3
   119 | D:1      | Frozen to death by an endoplasm

Illustrated notes

Levels and vault maps discovered:
D:1:      saegor_arrival_simple_b, layout_loops_corners

Action                     || total
---------------------------++-------
  Melee: Unarmed           ||     7
         Whip              ||     5
   Cast: Summon Small Mamm ||     6
 Armour: Robe              ||     1
  Dodge: Dodged            ||     6

Table legend: (Time is in decaauts)
 A = Elapsed time spent in this place.
 B = Non-inter-level travel time spent in this place.
 C = Inter-level travel time spent in this place.
 D = Time resting spent in this place.
 E = Time spent auto-exploring this place.
 F = Levels seen in this place.
 G = Mean time per level.
                   A        B        C        D        E       F      G
               +--------+--------+--------+--------+--------+-----+--------+
         Total |    118 |    118 |      0 |      0 |     78 |   1 |  118.0 |
       Dungeon |    118 |    118 |      0 |      0 |     78 |   1 |  118.0 |
               +--------+--------+--------+--------+--------+-----+--------+

Top non-repeatable levels by time:
     D:1: 118 daAuts
